 Dungeon Crawl Stone Soup version 0.25-a0-781-gc44aebf4fe (webtiles) character file.

Game seed: 14678405062700805433, levelgen mode: deterministic

308 Maedhros the Sneak (level 6, -5/38 HPs)
             Began as an Octopode Artificer on Apr 15, 2020.
             Killed by divine providence
             ... invoked by an orc priest
              (17 damage)
             ... on level 4 of the Dungeon.
             The game lasted 00:03:56 (1478 turns).

Maedhros the Sneak (Octopode Artificer)             Turns: 1478, Time: 00:03:56

Health: -5/38      AC:  1    Str: 15    XL:     6   Next: 40%
Magic:  8/8        EV: 13    Int: 14    God:
Gold:   49         SH:  0    Dex: 14    Spells: 5/5 levels left

rFire    . . .     SeeInvis .   e - +7 demon blade
rCold    . . .     Gourm    .   (no shield)
rNeg     . . .     Faith    .   (helmet restricted)
rPois    .         Spirit   .   (no amulet)
rElec    .         Reflect  .   k - +4 ring of strength
rCorr    .         Harm     .   (no ring)
MR       .....                  (no ring)
Stlth    ++++......             (no ring)
HPRegen  0.12/turn              (no ring)
MPRegen  0.11/turn              (no ring)
                                (no ring)
                                (no ring)

@: no status effects
A: almost no armour, stealthy swim, amphibious, 8 rings, constrict 8, camouflage
1, gelatinous body 1
a: no special abilities


You were on level 4 of the Dungeon.
You were not hungry.

You visited 1 branch of the dungeon, and saw 4 of its levels.

You collected 49 gold pieces.

Inventory:

Hand Weapons
 a - a +0 short sword
 e - a +7 demon blade (weapon)
Jewellery
 k - a +4 ring of strength (left tentacle)
Wands
 b - a wand of flame (14)
 c - a wand of enslavement (8)
 d - a wand of random effects (41)
Scrolls
 g - a scroll of remove curse {unknown}
 h - 2 scrolls of noise {unknown}
 i - 2 scrolls of teleportation {unknown}
 j - a scroll of amnesia {unknown}
Comestibles
 f - 2 rations
 l - 2 chunks of flesh


   Skills:
 - Level 1.0 Fighting
 - Level 1.0(1.2) Short Blades
 + Level 1.1(1.3) Long Blades
 - Level 2.0 Dodging
 + Level 5.4 Stealth
 - Level 4.6 Unarmed Combat
 - Level 3.2 Evocations


You had 5 spell levels left.
You didn't know any spells.
Your spell library contained the following spells:

 Spells                   Type           Power        Failure   Level  Hunger
 Shroud of Golubria       Chrm/Tloc      #.....       41%         2    ###....


Dungeon Overview and Level Annotations

Branches:
Dungeon (4/15)
 Temple: D:4-7

Altars:
Beogh


Innate Abilities, Weirdness & Mutations

You cannot wear most types of armour.
You are very stealthy in the water. (Stealth+)
You are amphibious.
You can wear up to eight rings at the same time.
You can use your tentacles to constrict eight enemies at once.
Your skin changes colour to match your surroundings (Stealth+).
Your rubbery body absorbs attacks. (AC +1, EV +1)


Message History

Your gnoll barely misses the orc.
An orc comes into view. It is wielding a -3 dagger.
Something hits you.
Evoke which item? (* to show all) (? for menu, Esc to quit)
Aiming: Random Effects
Press: ? - help, Shift-Dir - straight line, f - orc priest
Aim: an orc priest The orc flickers and vanishes!
Something closely misses your gnoll.
You hear some strange, mumbled words.
A magic dart appears from out of thin air!
The magic dart hits you!
Unknown command.
Evoke which item? (* to show all) (? for menu, Esc to quit)
Aiming: Enslavement
Press: ? - help, Shift-Dir - straight line, f/p - orc priest
Aim: an orc priest (chance to defeat MR: 55%)
The iguana is charmed.
Something hits your gnoll.
The orc priest calls down the wrath of Beogh upon you.
Beogh smites you!
You die...

## ##.# ##...## #
#.....# ####
..##....## ##..##
.........## #....#
.......)..# #...##
#.....##)####...#
#......#g@......#
o......{l......####
....oooo........#≈#
......o##..###..≈≈#
o......#...#####.≈#
..........#≈≈≈##.##
.........≈≈≈###.##
.##.#...≈≈.#####.##
###..≈≈..#.≈≈##.#


You could see an orc priest, 4 orcs, a friendly iguana and a friendly gnoll.

Vanquished Creatures
  The ghost of M4edhros the Sneak, an amateur OpAr (D:4)
  2 orc priests (D:4)
  Crazy Yiuf (D:3)
  A bullfrog skeleton (D:3)
  Jessica (D:2)
  Ijyb (D:3)
  A worker ant (D:4)
  A gnoll (D:4)
  2 adders
  A worm (D:2)
  A dart slug (D:3)
  8 orcs
  4 goblins
  4 hobgoblins
  A jackal (D:3)
  A kobold (D:1)
  A quokka (D:2)
  5 bats
  2 frilled lizards
  4 rats
  A fungus (D:3)
44 creatures vanquished.

Vanquished Creatures (collateral kills)
  An orc (D:4)
1 creature vanquished.

Vanquished Creatures (others)
  A gnoll (D:4)
  An orc (D:4)
  A hobgoblin (D:1)
3 creatures vanquished.

Grand Total: 48 creatures vanquished

Notes
Turn   | Place    | Note
-------+----------+-------------------------------------------
     0 | D:1      | Maedhros the Octopode Artificer began the quest for the
                  | Orb.
     0 | D:1      | Reached XP level 1. HP: 13/13 MP: 3/3
   511 | D:1      | Reached skill level 1 in Unarmed Combat
   569 | D:1      | Reached skill level 2 in Stealth
   569 | D:1      | Reached XP level 2. HP: 18/18 MP: 4/4
   897 | D:2      | Noticed Jessica
   905 | D:2      | Killed Jessica
   905 | D:2      | Reached XP level 3. HP: 14/23 MP: 5/5
   906 | D:2      | Reached skill level 3 in Stealth
   908 | D:2      | Identified Jessica's Reference Book on Orientation
  1137 | D:3      | Noticed Ijyb
  1144 | D:3      | Killed Ijyb
  1144 | D:3      | Reached XP level 4. HP: 23/28 MP: 6/6
  1212 | D:4      | Found a runed translucent gate.
  1212 | D:4      | Found a runed translucent gate.
  1212 | D:4      | Found a runed translucent gate.
  1212 | D:4      | Identified the +2 ring mail "Zoghae" {Str+4 Int+5 Dex-3}
  1214 | D:4      | Reached skill level 4 in Stealth
  1214 | D:4      | Reached XP level 5. HP: 30/33 MP: 7/7
  1215 | D:4      | Noticed M4edhros's ghost (amateur OpAr)
  1240 | D:4      | Your ally M4edhros died
  1255 | D:4      | Reached XP level 6. HP: 21/38 MP: 8/8
  1299 | D:3      | Found a runed translucent door.
  1300 | D:3      | Noticed Crazy Yiuf
  1307 | D:3      | Killed Crazy Yiuf
  1307 | D:3      | Reached skill level 5 in Stealth
  1379 | D:4      | Reached skill level 1 in Long Blades
  1412 | D:4      | Found a roughly hewn altar of Beogh.
  1478 | D:4      | Killed from afar by an orc priest

Levels and vault maps discovered:
D:1:      heliophobic_arrival_henge, layout_rooms, minmay_pentomino_u2
D:2:      layout_loops_ring, kennysheep_jessica_study, uniq_robin, uniq_sigmund
D:3:      layout_basic, kennysheep_okawaru_gauntlet, uniq_crazy_yiuf_cottage,
          uniq_natasha, uniq_ijyb
D:4:      layout_cave_pools, led_sif_book, biasface_ghost_orc_armoury,
          hangedman_abyss_or_decor_stagger, chequers_serial_rivers_small_b

Skill      XL: |  1  2  3  4  5  6 |
---------------+-------------------+-----
Unarmed Combat | 1 2 3 4 |  4.6
Stealth        | 2 3 4 5 |  5.4
Long Blades    | 1 |  1.1
Fighting       | |  1.0
Short Blades   | |  1.0
Dodging        | |  2.0
Evocations     | |  3.2

Action                   |  1- 3 |  4- 6 || total
-------------------------+-------+-------++-------
Melee: Short sword       |    55 |    12 ||    67
       Constrict         |    14 |    10 ||    24
       Tentacles         |    13 |     7 ||    20
       Unarmed           |       |    14 ||    14
       Demon blade       |       |    19 ||    19
       Punch             |       |     1 ||     1
Evoke: Wand              |     2 |     9 ||    11
  Use: Potion            |       |     2 ||     2
 Stab: Sleeping          |     3 |     3 ||     6
  Eat: Chunk             |       |     2 ||     2
Armor: Skin              |     8 |     9 ||    17
Dodge: Dodged            |    46 |    20 ||    66
       Rpst.: Demon blade |       |     1 ||     1

Table legend:
 A = Non-vault XP
 B = Vault XP
 C = Vault XP percentage of total XP
 D = Non-vault monster count
 E = Vault monster count
 F = Vault count percentage of total count
                 A         B        C        D         E       F
            +---------+---------+-------+---------+---------+-------
      Total |     160 |     280 |  63.6 |      31 |      13 |  29.5
            +---------+---------+-------+---------+---------+-------
        D:1 |      10 |       0 |   0.0 |       7 |       0 |   0.0
        D:2 |      19 |      39 |  67.2 |      10 |       2 |  16.7
        D:3 |      66 |      78 |  54.2 |       8 |       3 |  27.3
        D:4 |      65 |     163 |  71.5 |       6 |       8 |  57.1
            +---------+---------+-------+---------+---------+-------
